 Dungeon Crawl Stone Soup version 0.30.1-3-gfc49f6343a (webtiles) character file.

Game seed: 6566437501195432127

3011 McKennaii the Destroyer (level 9, -11/62 HPs)
             Began as a Demigod Conjurer on July 31, 2023.
             Mangled by an ogre
             ... wielding a +0 giant spiked club
              (30 damage)
             ... on level 7 of the Dungeon.
             The game lasted 00:08:03 (7767 turns).

McKennaii the Destroyer (Demigod Conjurer)          Turns: 7767, Time: 00:08:04

Health: -11/62     AC:  8    Str:  8    XL:     9   Next: 30%
Magic:  9/25       EV: 12    Int: 32    God:
Gold:   353        SH:  0    Dex: 12    Spells: 17/24 levels left

rFire   . . .        n - +1 dagger (venom)
rCold   . . .        (no shield)
rNeg    + . .        a - +0 robe
rPois   .            d - +0 helmet
rElec   .            D - +0 cloak {rCorr}
rCorr   +            s - +0 pair of gloves
SInv    .            c - +2 pair of boots
Will    .....        (no amulet)
Stlth   ++           A - ring of positive energy
HPRegen 0.30/turn    B - ring of resist corrosion
MPRegen 0.19/turn

%: no passive effects
@: no status effects
A: high MP 1, forlorn, divine attributes
a: no special abilities


You were on level 7 of the Dungeon.
You visited 1 branch of the dungeon, and saw 7 of its levels.

You collected 395 gold pieces.
You spent 42 gold pieces at shops.

Inventory:

Hand Weapons
 n - a +1 dagger of venom (weapon)
Armour
 a - a +0 robe (worn)
 c - a +2 pair of boots (worn)
 d - a +0 helmet (worn)
 s - a +0 pair of gloves (worn)
 D - a +0 cloak of preservation (worn)
Jewellery
 A - a ring of positive energy (left hand)
 B - a ring of resist corrosion (right hand)
 G - a +5 ring of evasion
Wands
 z - a wand of polymorph (9)
Scrolls
 f - a scroll of fog {unknown}
 h - 6 scrolls of teleportation
 j - 5 scrolls of identify {unknown}
 k - 2 scrolls of acquirement {unknown}
 p - 2 scrolls of vulnerability {unknown}
 q - 3 scrolls of immolation {unknown}
 t - a scroll of torment {unknown}
 u - a scroll of silence {unknown}
 v - 4 scrolls of enchant armour {unknown}
 w - 2 scrolls of poison {unknown}
 y - a scroll of noise {unknown}
Potions
 b - a potion of magic
 e - 2 potions of lignification {unknown}
 g - a potion of berserk rage {unknown}
 i - a potion of degeneration {unknown}
 l - a potion of mutation {unknown}
 m - 2 potions of curing
 o - 2 potions of attraction {unknown}
 r - a potion of haste {unknown}
 x - 3 potions of invisibility {unknown}
 C - 2 potions of might {unknown}
 E - 2 potions of flight {unknown}
 F - a potion of heal wounds {unknown}


   Skills:
 - Level 1.7 Dodging
 - Level 1.7 Stealth
 + Level 8.2 Spellcasting
 + Level 9.4 Conjurations


You had 17 spell levels left.
You knew the following spells:

 Your Spells              Type           Power      Damage    Failure   Level
a - Magic Dart            Conj           100%       1d8       1%          1
b - Searing Ray           Conj           100%       2d8       1%          2
c - Iskenderun's Mystic   Conj/Tloc      43%        2d10      5%          4

Your spell library contained the following spells:

 Spells                   Type           Power      Damage    Failure   Level
 Momentum Strike          Conj/Tloc      86%        3d10      1%          2
 Dazzling Flash           Conj/Hex       86%        N/A       1%          3
 Hailstorm                Conj/Ice       43%        3d10      1%          3
 Freeze                   Ice            52%        1d6       3%          1
 Blink                    Tloc           26%        N/A       5%          2
 Lesser Beckoning         Tloc           26%        N/A       5%          2
 Fulminant Prism          Conj/Hex       21%        3d12      5%          4
 Frozen Ramparts          Ice            26%        1d4       11%         3
 Leda's Liquefaction      Hex/Erth       6%         N/A       36%         4
 Lee's Rapid Deconstruct  Erth           6%         3d6*      71%         5
 Statue Form              Tmut/Erth      8%         N/A       99%         6


Dungeon Overview and Level Annotations

Branches:
Dungeon (7/15)             Temple (0/1) D:5

Shops:
D:2 *?


Innate Abilities, Weirdness & Mutations

You have an increased reservoir of magic. (+10% MP)
You shall have no god before yourself.
Your divine heritage dramatically boosts your attributes as you level up.


Message History

The arrow barely misses you.
The searing ray hits the centaur.
You kill the centaur!
The centaur shoots an arrow.
The arrow hits you but does no damage.
Casting: Searing Ray (safe; 1% risk of failure)
Confirm with . or Enter, or press ? or * to list all spells.
Restarting spell: Searing Ray (safe; 1% risk of failure)
Press: ? - help, Shift-Dir - straight line, f - centaur
Aim: a centaur, wielding a +0 shortbow (moderately wounded, 90% to hit)
The searing ray hits the centaur.
The centaur is moderately wounded. (Press . to maintain the ray.)
The centaur shoots an arrow.
The arrow hits you.
The searing ray hits the centaur!
The centaur is almost dead.
The centaur shoots an arrow.
The arrow closely misses you.
The searing ray hits the centaur.
You kill the centaur!
An ogre comes into view. It is wielding a +0 giant spiked club.
You finish channelling your searing ray.
The ogre shouts!
Casting: Searing Ray (safe; 1% risk of failure)
Confirm with . or Enter, or press ? or * to list all spells.
Aiming: Searing Ray (safe; 1% risk of failure)
Press: ? - help, Shift-Dir - straight line, f - ogre
Aim: an ogre, wielding a +0 giant spiked club (92% to hit)
The searing ray hits the ogre.
The ogre is lightly wounded. (Press . to maintain the ray.) Unknown command.
The searing ray hits the ogre!
The ogre is heavily wounded.
The searing ray hits the ogre!
The ogre is severely wounded.
The ogre hits you with a +0 giant spiked club!
The searing ray hits the ogre.
The ogre is almost dead.
You finish channelling your searing ray.
The ogre hits you with a +0 giant spiked club!!
You die...

....#.....#..[..#......
###.#.###.#.###.# ###...
....#.....#.....#.......
#.....#.....#.........
#.###.#.###.#.###...# #
..#.....#.......###
#.....#.............
#.###.#.###......... #.
..#.....@....... ..
.........O.......
..........).......
.##########.)...... ..
......... .#.###... . ..
... .. .. ..


You could see an ogre.

Vanquished Creatures
  Pikel (D:5)
  Sigmund (D:6)
  A vampire (D:7)
  The ghost of Almogavar the Conjurer, an amateur DrCj (D:3)
  An ice beast (D:6)
  An ogre (D:3)
  A lemure (D:5)
  2 phantoms
  5 centaurs
  2 bullfrogs
  3 scorpions
  A wight (D:7)
  2 electric eels (D:6)
  A howler monkey (D:5)
  A quasit (D:7)
  4 hounds
  2 jellies
  2 orc priests (D:5)
  Crazy Yiuf (D:4)
  An iguana (D:4)
  A sleepcap (D:6)
  Jessica (D:3)
  9 orc wizards
  Robin (D:2)
  3 gnolls (D:3)
  7 adders
  A shadow imp (D:7)
  A white imp (D:7)
  An ufetubus (D:7)
  4 worms
  14 dart slugs
  19 orcs
  6 ball pythons
  6 endoplasms
  7 giant cockroaches
  16 goblins
  12 hobgoblins
  10 jackals
  A quokka (D:2)
  4 bats (D:2)
  2 frilled lizards
  5 kobolds
  6 rats
171 creatures vanquished.

Notes
Turn   | Place    | Note
-------+----------+-------------------------------------------
     0 | D:1      | McKennaii the Demigod Conjurer began the quest for the Orb.
     0 | D:1      | Reached XP level 1. HP: 14/14 MP: 5/5
   293 | D:1      | Reached XP level 2. HP: 20/20 MP: 1/7
   440 | D:1      | Learned a level 2 spell: Searing Ray
   572 | D:1      | Reached skill level 4 in Conjurations
  1228 | D:2      | Found Kauc's Magic Scroll Boutique.
  1265 | D:2      | Bought a scroll of teleportation for 42 gold pieces
  1272 | D:2      | Reached XP level 3. HP: 26/26 MP: 1/9
  1440 | D:2      | Identified the +7 short sword "Daureng" {protect, rPois
                  | Str+3}
  1623 | D:2      | Noticed Robin
  1651 | D:2      | Killed Robin
  1815 | D:2      | Reached XP level 4. HP: 33/33 MP: 6/11
  1921 | D:2      | Found Vyetiw's General Store.
  2208 | D:2      | Learned a level 4 spell: Iskenderun's Mystic Blast
  2696 | D:3      | Noticed an ogre
  2723 | D:3      | Killed an ogre
  2724 | D:3      | Reached skill level 5 in Conjurations
  2724 | D:3      | Reached XP level 5. HP: 38/38 MP: 6/13
  2895 | D:3      | Noticed Jessica
  2901 | D:3      | Killed Jessica
  3127 | D:3      | Found a runed translucent door.
  3133 | D:3      | Noticed Almogavar's ghost (amateur DrCj)
  3539 | D:4      | Reached XP level 6. HP: 45/45 MP: 8/15
  3588 | D:4      | Identified the +1 ring mail of Mirth {Dex+3}
  3892 | D:4      | Noticed an angel
  4291 | D:4      | Found a runed translucent door.
  4292 | D:4      | Noticed Crazy Yiuf
  4300 | D:4      | Killed Crazy Yiuf
  4382 | D:5      | Entered Level 5 of the Dungeon
  4441 | D:5      | Reached skill level 6 in Conjurations
  4573 | D:5      | Reached skill level 5 in Spellcasting
  4573 | D:5      | Reached XP level 7. HP: 50/50 MP: 9/17
  5267 | D:5      | Found a staircase to the Ecumenical Temple.
  5501 | D:3      | Killed Almogavar's ghost
  5502 | D:3      | Reached skill level 7 in Conjurations
  5784 | D:6      | Reached XP level 8. HP: 57/57 MP: 13/20
  6028 | D:6      | Noticed Sigmund
  6104 | D:6      | Noticed Pikel
  6108 | D:6      | Killed Sigmund
  6146 | D:5      | Killed Pikel
  6147 | D:5      | Reached skill level 8 in Conjurations
  7127 | D:7      | Reached XP level 9. HP: 58/62 MP: 9/24
  7366 | D:7      | Reached skill level 9 in Conjurations
  7399 | D:7      | Noticed a two-headed ogre
  7767 | D:7      | Mangled by an ogre

Illustrated notes

Levels and vault maps discovered:
D:1:      dpeg_arrival_refuge, layout_basic
D:2:      layout_rooms, serial_shops, shop, nicolae_shop_stone, basic_altar,
          dk_noncrumbling_3, minmay_circled_x, uniq_robin
D:3:      layout_rooms, ebering_ghost_reflecting_pool,
          hellmonk_ecumenical_altar_pennies_from_heaven, uniq_jessica
D:4:      layout_loops_ring, zin_angel, lightli_corner_chamber,
          uniq_crazy_yiuf_cottage
D:5:      layout_basic, minmay_temple_entry_antechambers,
          kennysheep_generic_room_3
D:6:      kennysheep_slugbush, layout_cave_pools, uniq_sigmund, uniq_pikel
D:7:      hangedman_cross_stitches, layout_gridville, serial_demonic,
          serial_demonic_e, serial_demonic_e, serial_demonic_e,
          serial_demonic_b, serial_demonic_a, serial_demonic_b,
          grunt_ministairs_4, nicolae_shop_dragon_depot

Skill      XL: |  1  2  3  4  5  6  7  8  9 |
---------------+----------------------------+-----
Spellcasting   | 2 3 4 5 6 7 8 |  8.2
Conjurations   | 4 5 6 7 8 9 |  9.4
Dodging        | |  1.7
Stealth        | |  1.7

Action                     |  1- 3 |  4- 6 |  7- 9 || total
---------------------------+-------+-------+-------++-------
  Melee: Unarmed           |    21 |       |       ||    21
         Dagger            |     6 |    21 |    10 ||    37
   Cast: Magic Dart        |   105 |    97 |   121 ||   323
         Searing Ray       |     2 |    15 |    38 ||    55
         Iskenderun's Myst |       |       |     6 ||     6
    Use: Potion            |       |       |     1 ||     1
 Armour: Robe              |    13 |    11 |    23 ||    47
  Dodge: Dodged            |    34 |    23 |    59 ||   116
